 Dungeon Crawl Stone Soup version 0.23-b1-49-g13d5857 (webtiles) character file.

Game seed: 13941863181391258690

98 doot the Caller (level 4, -2/24 HPs)
             Began as a Tengu Summoner on Feb 4, 2019.
             Was an Initiate of Sif Muna.
             Slain by an orc wizard
             ... wielding a +0 dagger
              (3 damage)
             ... on level 4 of the Dungeon.
             The game lasted 00:07:08 (1886 turns).

doot the Caller (Tengu Summoner)                    Turns: 1886, Time: 00:07:09

Health: -2/24      AC:  2    Str:  6 (9)  XL:     4   Next: 69%
Magic:  4/8        EV: 15    Int: 17 (19) God:    Sif Muna [......]
Gold:   34         SH:  0    Dex: 13 (16) Spells: 2/8 levels left

rFire    + . .     SeeInvis .   f - +0 war axe
rCold    + . .     Gourm    .   (no shield)
rNeg     . . .     Faith    .   a - +0 robe
rPois    +         Spirit   .   (helmet restricted)
rElec    +         Reflect  .   (no cloak)
rCorr    +         Harm     .   (no gloves)
MR       .....                  (boots unavailable)
Stlth    ++........             (no amulet)
HPRegen  0.08/turn              l - +3 ring of intelligence
MPRegen  0.11/turn              n - +2 ring of dexterity

@: resistant, flying quickly and evasively, hasted and slowed, quick
A: beak, talons 3
a: Renounce Religion


You were on level 4 of the Dungeon.
You worshipped Sif Muna.
Sif Muna was noncommittal.
You were hungry.

You visited 2 branches of the dungeon, and saw 5 of its levels.

You collected 34 gold pieces.

Inventory:

Hand Weapons
 f - a +0 war axe (weapon)
Armour
 a - a +0 robe (worn)
 j - a +4 chain mail of cold resistance
Jewellery
 l - a +3 ring of intelligence (left hand)
 n - a +2 ring of dexterity (right hand)
Scrolls
 g - 3 scrolls of teleportation {unknown}
 h - a scroll of fog {unknown}
 k - a scroll of identify {unknown}
Comestibles
 c - a ration


   Skills:
 + Level 0.4 Fighting
 + Level 1.2 Axes
 + Level 2.8 Dodging
 + Level 2.2 Stealth
 + Level 2.6 Spellcasting
 + Level 6.0 Summonings


You had 2 spell levels left.
You knew the following spells:

 Your Spells              Type           Power        Failure   Level  Hunger
a - Summon Small Mammal   Summ           ###.         1%          1    #......
b - Call Imp              Summ           ###.....     2%          2    ##.....
c - Call Canine Familiar  Summ           ###.....     4%          3    ###....

Your spell library contained the following spells:

 Spells                   Type           Power        Failure   Level  Hunger
 Summon Guardian Golem    Hex/Summ       ##......     16%         3    ###....
 Summon Ice Beast         Ice/Summ       ##......     47%         4    #####..
 Summon Lightning Spire   Summ/Air       ##......     47%         4    #####..


Dungeon Overview and Level Annotations

Branches:
Dungeon (4/15)             Temple (1/1) D:4

Altars:
Ashenzari
Cheibriados
Dithmenos
Elyvilon
Fedhas
Gozag
Hepliaklqana
Kikubaaqudgha
Makhleb
Okawaru
Sif Muna
Uskayaw
Vehumet
Wu Jian
The Shining One


Innate Abilities, Weirdness & Mutations

You have a beak for a mouth.
You have claws for feet.


Message History

The orc priest misses your shadow imp.
Your shadow imp hits the orc.
The orc wizard casts a spell at you. The magic dart hits you!
* * * LOW HITPOINT WARNING * * *
The orc misses you.
The adder skeleton completely misses you.
Your crimson imp hits the orc but does no damage.
Your hound closely misses the orc wizard.
The orc priest barely misses you.
The orc priest hits your shadow imp with a cursed -2 hand axe.
Your shadow imp barely misses the orc.
The orc completely misses your crimson imp.
The orc wizard barely misses you.
You feel yourself speed up.
You are feeling hungry.
Your hound closely misses the orc wizard.
The adder skeleton barely misses you. The orc misses you.
Your crimson imp blinks!
The orc wizard hits you with a +0 dagger.
You die...

####
...#########
#....(#...##
##.........##
#.....5.....#
#...........#
##
##..o.oh.....#
..#
#...5oo§....##
..#
#.##.Z@#..?##
..# #########
..# ..# ..#
..# ##


You could see an orc priest, an orc wizard, 2 orcs, an adder skeleton, a
friendly hound, a friendly crimson imp and a friendly shadow imp.

Vanquished Creatures
  Terence (D:3)
  An adder (D:4)
  A leopard gecko (D:2)
  A giant cockroach (D:2)
  3 goblins
  2 hobgoblins
  3 jackals
  A quokka (D:3)
  2 bats
  A kobold (D:2)
  A rat (D:3)
17 creatures vanquished.

Vanquished Creatures (collateral kills)
  An orc wizard (D:4)
  Robin (D:2)
  3 adders
  A bat (D:3)
  5 goblins
  6 jackals
  4 kobolds
  4 rats
25 creatures vanquished.

Grand Total: 42 creatures vanquished

Notes
Turn   | Place    | Note
-------+----------+-------------------------------------------
     0 | D:1      | doot the Tengu Summoner began the quest for the Orb.
     0 | D:1      | Reached XP level 1. HP: 10/10 MP: 4/4
   111 | D:2      | Reached skill level 5 in Summonings
   227 | D:3      | Reached XP level 2. HP: 15/15 MP: 1/6
   234 | D:3      | Learned a level 2 spell: Call Imp
   723 | D:3      | Noticed Terence
   736 | D:3      | Killed Terence
   736 | D:3      | Reached XP level 3. HP: 5/19 MP: 1/7
   958 | D:3      | Learned a level 3 spell: Call Canine Familiar
   959 | D:4      | Found a staircase to the Ecumenical Temple.
   966 | Temple   | Entered the Ecumenical Temple
  1193 | Temple   | Became a worshipper of Sif Muna the Loreminder
  1226 | D:4      | Reached XP level 4. HP: 24/24 MP: 3/8
  1339 | D:2      | Reached skill level 1 in Axes
  1490 | D:2      | Noticed Robin
  1505 | D:2      | Killed Robin
  1860 | D:3      | Reached skill level 6 in Summonings
  1885 | D:4      | HP: 1/24 [orc wizard/magic dart (11)]
  1886 | D:4      | Slain by an orc wizard

Skill      XL: |  1  2  3  4 |
---------------+-------------+-----
Summonings     | 5 6 |  6.0
Axes           | 1 |  1.2
Fighting       | |  0.4
Dodging        | |  2.8
Stealth        | |  2.2
Spellcasting   | |  2.6

Action                   |  1- 3 |  4- 6 || total
-------------------------+-------+-------++-------
Melee: War axe           |    32 |    15 ||    47
       Kick              |     5 |     4 ||     9
       Unarmed           |     1 |       ||     1
       Peck              |     7 |     3 ||    10
 Cast: Summon Small Mamm |    11 |     1 ||    12
       Call Imp          |     7 |     8 ||    15
       Call Canine Famil |     1 |     7 ||     8
  Use: Potion            |       |    10 ||    10
 Stab: Sleeping          |     1 |       ||     1
  Eat: Chunk             |     1 |       ||     1
       Ration            |       |     1 ||     1
Armor: Robe              |     8 |    11 ||    19
       Skin              |       |     5 ||     5
Dodge: Dodged            |    43 |    75 ||   118
